 Dungeon Crawl Stone Soup version 0.23-a0-512-g50a8178 (webtiles) character file.

559 CanOfBees the Caller (level 7, -2/41 HPs)
             Began as a Tengu Summoner on Dec 4, 2018.
             Slain by a centaur (7 damage)
             ... on level 5 of the Dungeon.
             The game lasted 00:11:48 (7563 turns).

CanOfBees the Caller (Tengu Summoner)               Turns: 7563, Time: 00:11:49

Health: -2/41      AC:  2    Str:  9    XL:     7   Next: 31%
Magic:  18/22      EV: 13    Int: 17    God:
Gold:   156        SH:  0    Dex: 18    Spells: 3/13 levels left

rFire    . . .     SeeInvis .   j - +8 mace of Uncertain Death {venom, rC++ MP+9 Dex+4 Stlth+}
rCold    + + .     Gourm    .   (no shield)
rNeg     . . .     Faith    .   a - +0 robe
rPois    +         Spirit   .   (helmet restricted)
rElec    .         Reflect  .   (no cloak)
rCorr    .         Harm     .   (no gloves)
MR       .....                  (boots unavailable)
Stlth    +++.......             (no amulet)
HPRegen  0.13/turn              g - ring of poison resistance
MPRegen  0.18/turn              (no ring)

@: no status effects
A: beak, talons 3, able to fly 1
a: Fly


You were on level 5 of the Dungeon.
You were hungry.

You visited 1 branch of the dungeon, and saw 5 of its levels.

You collected 156 gold pieces.

Inventory:

Hand Weapons
 f - a +0 whip
 j - the +8 mace of Uncertain Death (weapon) {venom, rC++ MP+9 Dex+4 Stlth+}
   (You found it on level 4 of the Dungeon)

   It poisons the flesh of those it strikes.
   It affects your dexterity (+4).
   It greatly protects you from cold.
   It affects your magic capacity (+9).
   It makes you more stealthy.
Missiles
 d - 113 stones (quivered)
 o - 39 arrows
 p - 11 sling bullets
 s - a tomahawk
 w - 6 javelins of returning
Armour
 a - a +0 robe (worn)
Jewellery
 g - a ring of poison resistance (left hand)
 r - a cursed amulet of inaccuracy
Scrolls
 e - 3 scrolls of teleportation
 h - 2 scrolls of enchant weapon {unknown}
 l - a scroll of identify
 q - 3 scrolls of remove curse {unknown}
 t - a scroll of blinking {unknown}
 u - a scroll of amnesia {unknown}
Potions
 b - 2 potions of might {unknown}
 i - 3 potions of resistance
 k - a potion of mutation {unknown}
 m - a potion of haste {unknown}
 n - 2 potions of flight {unknown}
 v - a potion of invisibility {unknown}
 x - a potion of heal wounds
Comestibles
 c - 10 rations


   Skills:
 + Level 3.5 Fighting
 - Level 2.1 Dodging
 - Level 2.0 Stealth
 + Level 3.9 Spellcasting
 + Level 7.9 Summonings
 + Level 1.2 Air Magic


You had 3 spell levels left.
You knew the following spells:

 Your Spells              Type           Power        Failure   Level  Hunger
a - Summon Small Mammal   Summ           ####         1%          1    None
b - Call Imp              Summ           ####....     1%          2    ##.....
c - Call Canine Familiar  Summ           ####....     1%          3    ###....
d - Summon Lightning Spi  Summ/Air       ###.....     24%         4    ####...

Your spell library contained the following spells:

 Spells                   Type           Power        Failure   Level  Hunger
 Summon Guardian Golem    Hex/Summ       ###.....     10%         3    ###....
 Corona                   Hex            #......      16%         1    None
 Magic Dart               Conj           #...         16%         1    None
 Blink                    Tloc           N/A          24%         2    ##.....
 Ensorcelled Hibernation  Hex/Ice        #.....       24%         2    ##.....
 Slow                     Hex            #.......     24%         2    ##.....
 Mephitic Cloud           Conj/Pois/Air  #.......     38%         3    ###....
 Confuse                  Hex            #.......     43%         3    ###....
 Conjure Flame            Conj/Fire      #.......     43%         3    ###....
 Dazzling Spray           Conj/Hex       #.....       43%         3    ###....
 Tukima's Dance           Hex            #.......     43%         3    ###....
 Summon Ice Beast         Ice/Summ       ###.....     30%         4    ####...


Dungeon Overview and Level Annotations

Branches:
Dungeon (5/15)
 Temple: D:4-7

Altars:
Ru
Trog
Wu Jian
Yredelemnul

Shops:
D:5 :

Annotations:
D:2 1 runed door
D:4 2 transporters


Innate Abilities, Weirdness & Mutations

You have a beak for a mouth.
You have claws for feet.
You can fly.


Message History

You see here an arrow.
You swap places.
The centaur shoots an arrow.
The arrow hits your white imp but does no damage.
You swap places.
Something closely misses your shadow imp.
You start resting.
The centaur wields a +0 shortbow.
The centaur shoots an arrow.
The arrow closely misses your white imp.
The arrow hits you!
Your white imp gestures at the centaur.
The puff of frost hits the centaur.
You swap places.
The centaur shoots an arrow.
The arrow hits you!
* * * LOW HITPOINT WARNING * * *
You see here an arrow.
The centaur unwields a +0 shortbow.
The centaur closely misses you.
You hit the centaur but do no damage.
The centaur is moderately wounded.
Your white imp disappears in a puff of smoke!
The centaur hits you!
You die...

#........## ##..#.....###..#
.#.........####...=...........
.............##.###.....###.##
#........<#....# #.....# #.#
#.......##.)#.###.#.#####.#
##...#c###..#.............#
##.##.# #.ยง........####### #.
#.# ##h######### . #.# #@# ##
#c####c# #.5....# ########


You could see a centaur and a friendly hound.

Vanquished Creatures
  Menkaure (D:4)
  A gnoll shaman (D:4)
  An iguana (D:4)
  An orc wizard (D:3)
  Natasha (twice) (D:3)
  A worker ant (D:4)
  A gnoll (D:4)
  2 adders
  2 oozes
  A worm (D:2)
  3 dart slugs
  5 orcs
  3 giant cockroaches
  6 goblins
  7 hobgoblins
  6 jackals (D:3)
  2 quokkas (D:4)
  5 bats
  3 frilled lizards
  5 kobolds
  5 rats
63 creatures vanquished.

Vanquished Creatures (collateral kills)
  An ogre (D:4)
  Blork the orc (D:4)
  An orc priest (D:3)
  2 iguanas (D:4)
  A worker ant (D:4)
  4 gnolls (D:4)
  2 adders
  2 worms
  A dart slug (D:1)
  2 leopard geckos
  8 orcs
  A ball python (D:3)
  A bat (D:2)
  A giant cockroach (D:1)
  2 hobgoblins (D:1)
  A goblin (D:2)
  2 kobolds (D:3)
  A rat (D:3)
34 creatures vanquished.

Grand Total: 97 creatures vanquished

Notes
Turn   | Place    | Note
-------+----------+-------------------------------------------
     0 | D:1      | CanOfBees the Tengu Summoner began the quest for the Orb.
     0 | D:1      | Reached XP level 1. HP: 10/10 MP: 4/4
   108 | D:1      | Reached skill level 5 in Summonings
   540 | D:1      | Reached XP level 2. HP: 15/16 MP: 6/6
  1128 | D:1      | Reached skill level 1 in Fighting
  1190 | D:1      | Reached XP level 3. HP: 9/20 MP: 7/7
  1414 | D:1      | Learned a level 2 spell: Call Imp
  1418 | D:1      | Learned a level 3 spell: Call Canine Familiar
  2661 | D:2      | Found a runed door.
  3245 | D:2      | Reached XP level 4. HP: 24/25 MP: 5/8
  3967 | D:3      | Reached skill level 6 in Summonings
  4497 | D:3      | Gained mutation: You can fly. [Tengu growth]
  4497 | D:3      | Reached XP level 5. HP: 28/30 MP: 8/10
  5012 | D:3      | Noticed Natasha
  5140 | D:3      | Killed Natasha
  5389 | D:4      | Got a brightly glowing mace
  5394 | D:3      | Identified the +8 mace of Uncertain Death {venom, rC++ MP+9
                  | Dex+4 Stlth+} (You found it on level 4 of the Dungeon)
  5501 | D:3      | Noticed Natasha
  5509 | D:3      | Killed Natasha
  5766 | D:3      | Learned a level 4 spell: Summon Lightning Spire
  5776 | D:4      | Noticed Blork the orc
  5785 | D:4      | Killed Blork the orc
  5785 | D:4      | Reached XP level 6. HP: 36/36 MP: 11/11
  5981 | D:4      | Reached skill level 7 in Summonings
  6140 | D:4      | Found a bloodstained altar of Trog.
  6422 | D:4      | Noticed Menkaure
  6448 | D:4      | HP: 1/37 [Menkaure (21)]
  6450 | D:4      | Killed Menkaure
  6450 | D:4      | Reached XP level 7. HP: 28/41 MP: 13/13
  6631 | D:4      | Found a transporter.
  6631 | D:4      | Noticed a death knight
  6635 | D:4      | Found a transporter.
  6647 | D:4      | Found a basalt altar of Yredelemnul.
  6852 | D:4      | Reached skill level 1 in Air Magic
  6963 | D:4      | Found a sacrificial altar of Ru.
  7218 | D:4      | Found an ornate altar of the Wu Jian Council.
  7452 | D:5      | Entered Level 5 of the Dungeon
  7458 | D:5      | Found Toygitus's Book Boutique.
  7563 | D:5      | Slain by a centaur

Vault maps used:
D:1:      arrival_zaba_pyramid, minmay_quantized
D:2:      hangedman_decor_peaks_small, uniq_crazy_yiuf_cottage
D:3:      wander_river, first_ration, uniq_natasha
D:4:      kennysheep_little_box, nicolae_overflow_crystal_walls,
          gammafunk_temple_overflow_arena, serial_rivers,
          chequers_serial_rivers_room_a, chequers_serial_rivers_micro_c,
          chequers_serial_rivers_micro_c, chequers_serial_rivers_small_a,
          bloody_trog, uniq_menkaure, uniq_blork_the_orc
D:5:      minmay_diamond_boxcup, nicolae_tso_carved_into_rock,
          minmay_temple_entry_sparse_star, serial_shops, shop_statue,
          uniq_prince_ribbit1

Skill      XL: |  1  2  3  4  5  6  7 |
---------------+----------------------+-----
Summonings     | 5 6 7 |  7.9
Fighting       | 1 2 3 |  3.5
Spellcasting   | 3 |  3.9
Air Magic      | 1 |  1.2
Dodging        | |  2.1
Stealth        | |  2.0

Action                   |  1- 3 |  4- 6 |  7- 9 || total
-------------------------+-------+-------+-------++-------
Melee: Unarmed           |    16 |       |       ||    16
       Kick              |    21 |    26 |     2 ||    49
       Whip              |    76 |    91 |       ||   167
       Peck              |     8 |    16 |     1 ||    25
       Mace              |       |    11 |     9 ||    20
Throw: Stone             |    10 |     4 |     1 ||    15
 Cast: Summon Small Mamm |     9 |     2 |       ||    11
       Call Canine Famil |     5 |    16 |     4 ||    25
       Call Imp          |     3 |     9 |     4 ||    16
  Use: Scroll            |       |     4 |       ||     4
       Potion            |       |     2 |       ||     2
 Stab: Sleeping          |     7 |     1 |       ||     8
  Eat: Chunk             |     7 |    13 |     3 ||    23
Armor: Robe              |    23 |    13 |     1 ||    37
Dodge: Dodged            |    77 |    80 |    10 ||   167

Table legend:
 A = Non-vault XP
 B = Vault XP
 C = Vault XP percentage of total XP
 D = Non-vault monster count
 E = Vault monster count
 F = Vault count percentage of total count
                 A         B        C        D         E       F
            +---------+---------+-------+---------+---------+-------
      Total |     533 |     266 |  33.3 |      90 |       7 |   7.2
            +---------+---------+-------+---------+---------+-------
        D:1 |      36 |       6 |  14.3 |      20 |       4 |  16.7
        D:2 |      45 |       0 |   0.0 |      16 |       0 |   0.0
        D:3 |     148 |      26 |  14.9 |      34 |       1 |   2.9
        D:4 |     304 |     234 |  43.5 |      20 |       2 |   9.1
            +---------+---------+-------+---------+---------+-------
